[Event "ICC tourney 1905 (10 3)"]
[Site "Internet Chess Club"]
[Date "2020.07.05"]
[Round "9"]
[White "Aleksandrov73"]
[Black "Venom2020"]
[Result "0-1"]
[ICCResult "White forfeits on time"]
[WhiteElo "2248"]
[BlackElo "1901"]
[Opening "Dutch: Leningrad variation"]
[ECO "A86"]
[NIC "HD.08"]
[Time "16:50:24"]
[TimeControl "600+3"]

1. d4 f5 2. c4 Nf6 3. g3 g6 4. Nf3 Bg7 5. b4 O-O 6. Bb2 d6 7. Bg2 c6 8. O-O
d5 9. Qb3 e6 10. a4 Ne4 11. Nbd2 Nd7 12. e3 Ndf6 13. Nxe4 Nxe4 14. Rfd1 Bd7
15. Ne5 Be8 16. f3 Nf6 17. b5 dxc4 18. Qxc4 Qd5 19. Ba3 Qxc4 20. Nxc4 Rf7
21. Nd6 Rc7 22. Rac1 Nd5 23. Kf2 Bh6 24. f4 Bf8 25. Nxe8 Rxe8 26. Bxf8 Kxf8
27. bxc6 bxc6 28. Rc5 Ke7 29. Rb1 Kd6 30. e4 fxe4 31. Bxe4 Rf8 32. h4 Rcc8
33. Ra5 Rc7 34. Kf3 Rfc8 35. Rc5 Rf8 36. Bd3 Rcc8 37. Rbc1 Rf7 38. Ba6 Rcc7
39. a5 Rf8 40. Rb1 e5 41. Re1 exd4 42. Rcc1 c5 43. Re5 Re7 44. Rxe7 Nxe7 45.
Bc4 Nf5 {White forfeits on time} 0-1

[Event "ICC tourney 1905 (10 3)"]
[Site "Internet Chess Club"]
[Date "2020.07.05"]
[Round "9"]
[White "Venegas"]
[Black "MrNormalName"]
[Result "0-1"]
[ICCResult "White resigns"]
[WhiteElo "1639"]
[BlackElo "1755"]
[Opening "QGD: 4.Nf3"]
[ECO "D37"]
[NIC "QO.14"]
[Time "16:50:25"]
[TimeControl "600+3"]

1. Nf3 d5 2. d4 Nf6 3. c4 e6 4. Nc3 Be7 5. Bg5 h6 6. Bxf6 Bxf6 7. e3 O-O 8.
Be2 dxc4 9. O-O Nd7 10. Bxc4 c5 11. Rc1 b6 12. d5 exd5 13. Bxd5 Rb8 14. Qa4
a5 15. Rfd1 Qe7 16. Nd2 Ne5 17. Nde4 Bg4 18. Rd2 Rbd8 19. Nxf6+ Qxf6 20. Ne4
Qg6 21. Ng3 Nd3 22. Be4 Nxc1 23. Bxg6 Rxd2 24. Qxg4 Ne2+ 25. Kf1 Nxg3+ 26.
hxg3 fxg6 27. f3 Rxb2 28. Qxg6 b5 29. g4 c4 30. Qe6+ Kh8 31. Qe5 Rxa2 32.
Qxb5 c3 33. Qc5 Rb8 34. Kg1 c2 35. Kh2 a4 36. Qc7 Rab2 37. Qc5 a3 38. g5
hxg5 39. Qxg5 c1=Q 40. Qh5+ Kg8 41. Qd5+ Kf8 42. Qd6+ Ke8 43. Qe6+ Kd8 44.
Qd6+ Kc8 45. Qf8+ Kb7 46. Qxg7+ Qc7+ {White resigns} 0-1

[Event "ICC tourney 1905 (10 3)"]
[Site "Internet Chess Club"]
[Date "2020.07.05"]
[Round "9"]
[White "Kyle2007"]
[Black "Xuanli28"]
[Result "1-0"]
[ICCResult "Black resigns"]
[WhiteElo "1562"]
[BlackElo "1664"]
[Opening "Sicilian: Canal-Sokolsky (Nimzovich-Rossolimo, Moscow) attack"]
[ECO "B51"]
[NIC "SI.01"]
[Time "16:51:11"]
[TimeControl "600+3"]

1. e4 c5 2. Nf3 d6 3. Bb5+ Nd7 4. c3 a6 5. Ba4 b5 6. Bc2 Bb7 7. O-O Ngf6 8.
Qe2 Qc7 9. d4 e5 10. Rd1 Be7 11. d5 O-O 12. Nbd2 c4 13. Nf1 Rfe8 14. Ng3 a5
15. Nf5 Bf8 16. Be3 a4 17. a3 Nc5 18. Bxc5 Qxc5 19. Qe3 Qxe3 20. Nxe3 g6 21.
Kf1 h5 22. Ke2 Bh6 23. h3 Kg7 24. Rg1 Bc8 25. Nh2 Nd7 26. g4 Bf4 27. Nhf1
hxg4 28. hxg4 Rh8 29. Ng2 Bg5 30. Nfe3 Nc5 31. Rh1 Bd7 32. f3 Rae8 33. Kf2
Kf6 34. Rad1 Rc8 35. Ke2 Kg7 36. Kf2 Rcf8 37. Ke2 Rxh1 38. Rxh1 Rh8 39. Rxh8
Kxh8 40. Kf2 Kg7 41. Ke2 Bc8 42. Kf2 Nd7 43. Ke2 Nb6 44. Kf2 Bd7 45. Ke2 Nc8
46. Kf2 Ne7 47. Kg3 Kh6 48. Kh3 Bxe3 49. Nxe3 Kg5 50. Kg3 f5 51. gxf5 gxf5
52. Ng2 f4+ 53. Kh2 Ng6 54. Bd1 Be8 55. Be2 Nf8 56. Bd1 Nd7 57. Kh3 Nc5 58.
Ne1 Nd3 59. Nxd3 cxd3 60. b3 Bd7+ 61. Kh2 Kh4 62. bxa4 bxa4 63. c4 d2 64.
Kg2 Bh3+ 65. Kf2 Bd7 66. Ke2 Kg3 67. Kxd2 Kf2 68. Be2 Be8 69. Bd1 Bd7 70.
Be2 Bc8 71. Bd1 Bd7 72. Be2 Kg1 73. Ke1 Kg2 74. Bd1 Kg1 75. Ke2 Be8 76. Ke1
Kg2 77. Be2 Kg3 78. Kd2 Kf2 79. Bd1 Kg1 80. Ke1 Kg2 81. Be2 Kg3 82. Kf1 Bd7
83. Bd1 Be8 84. Ke2 Bh5 85. Kd2 Bxf3 86. Bxf3 Kxf3 87. c5 dxc5 88. d6 Kg2
89. d7 f3 90. d8=Q f2 91. Qg5+ Kh1 92. Ke2 {Black resigns} 1-0

[Event "ICC tourney 1905 (10 3)"]
[Site "Internet Chess Club"]
[Date "2020.07.05"]
[Round "9"]
[White "Kokoro"]
[Black "espark"]
[Result "0-1"]
[ICCResult "White resigns"]
[WhiteElo "1821"]
[BlackElo "1764"]
[Opening "Two knights defense"]
[ECO "C58"]
[NIC "KP.01"]
[Time "16:50:37"]
[TimeControl "600+3"]

1. e4 e5 2. Nf3 Nc6 3. Bc4 Nf6 4. Ng5 d5 5. exd5 Na5 6. Bb5+ c6 7. dxc6 bxc6
8. Bd3 Ng4 9. Nf3 f5 10. h3 e4 11. hxg4 exd3 12. O-O Be7 13. cxd3 fxg4 14.
Ne5 Qd4 15. Qe2 O-O 16. Nxg4 Bxg4 17. Qxe7 Rae8 18. Qh4 Rf4 19. Qg3 Be2 20.
Re1 Rg4 21. Qh3 Rh4 22. Qg3 Re5 23. Nc3 Reh5 24. Qb8+ Kf7 25. Qc7+ Kf6 26.
Ne4+ Qxe4 27. Qd8+ Kg6 28. Qd6+ Kg5 29. Qg3+ Qg4 30. f4+ Kf5 31. Qxg4+ Bxg4
32. Kf2 Rh1 33. Re5+ Kxf4 34. Re4+ Kf5 35. b4 Nb7 36. Bb2 Rxa1 37. Bxa1 Nd6
38. Re5+ Kg6 39. Re7 Nf7 40. Rxa7 Rd5 41. Ke3 Bf5 42. Bd4 Rd7 43. Ra6 Nd8
44. b5 Rd6 45. b6 Rd7 46. Ra7 Rb7 47. a4 Bd7 48. a5 c5 49. Bxc5 Rxa7 50.
bxa7 Bc6 51. g3 Kf5 52. Bd6 Ne6 53. Bb8 h5 54. d4 Be4 55. d3 Bd5 56. Kd2
Nxd4 57. Kc3 Nc6 58. a6 Nd8 59. Kd4 Ba8 60. Kc5 Ne6+ 61. Kc4 g5 62. d4 Ke4
63. Be5 h4 64. gxh4 gxh4 65. Bh2 Nxd4 66. Kc5 h3 67. Kb6 Nf3 68. Bd6 Nd2 69.
Kc7 Kd5 70. Bg3 Nc4 71. Bh2 Ke4 72. Kb8 Nb6 73. Bg1 Bd5 74. Kc7 Na8+ 75. Kd6
Nb6 76. Kc7 Na8+ 77. Kd6 Bc4 78. Bh2 Kf3 79. Kc5 Bxa6 80. Kc6 Bd3 81. Kd5
Be4+ 82. Kd4 Bb7 83. Bb8 Kg2 84. Ke3 Nb6 85. Kd4 Nd7 86. Bd6 Nf6 87. Kc4 Nh5
88. Kb5 Ng3 89. Kb6 Ba8 90. Kc7 h2 91. Bxg3 Kxg3 92. Kb8 {White resigns} 0-1

[Event "ICC tourney 1905 (10 3)"]
[Site "Internet Chess Club"]
[Date "2020.07.05"]
[Round "9"]
[White "musk6868"]
[Black "RisingRook"]
[Result "0-1"]
[ICCResult "White resigns"]
[WhiteElo "1639"]
[BlackElo "1457"]
[Opening "Sicilian: Taimanov variation"]
[ECO "B49"]
[NIC "SI.40"]
[Time "16:50:39"]
[TimeControl "600+3"]

1. e4 c5 2. Nf3 e6 3. d4 cxd4 4. Nxd4 Nc6 5. Nc3 Qc7 6. Be3 a6 7. Be2 Nf6 8.
O-O Be7 9. Nxc6 bxc6 10. f4 d5 11. e5 Nd7 12. Kh1 c5 13. Bf3 Bb7 14. Bd2 h5
15. Bxh5 d4 16. Na4 Rb8 17. b3 Bc6 18. Nb2 Nb6 19. Ba5 Qb7 20. Bf3 Nd5 21.
Nc4 Rh4 22. Bd2 Kd7 23. Na5 Qb6 24. Nc4 Qc7 25. a4 Rbh8 26. h3 Qb8 27. Qe2
R8h7 28. Kg1 Qh8 29. Rae1 Ba8 30. Bxd5 exd5 31. Nb6+ Kc7 32. Qxa6 Rxh3 33.
Nxa8+ Kb8 34. Nb6 Rh1+ 35. Kf2 Bh4+ 36. Ke2 Bxe1 37. Bxe1 Rxf1 38. Qa8+ Kc7
39. Nxd5+ Kd7 40. Qb7+ Ke6 41. Qc6+ Kf5 42. Ne7+ Kg4 43. Kxf1 Rh1+ 44. Ke2
Rxe1+ 45. Kxe1 Qh4+ 46. Ke2 Qxe7 47. Qf3+ Kf5 48. Qh3+ Kg6 49. Qg4+ Kh7 50.
Qg5 Qe6 51. g4 Kg8 52. Qf5 Qd5 53. Qc8+ Kh7 54. Qf5+ Kg8 55. Kd3 Qf3+ 56.
Kc4 Qc3+ 57. Kd5 Qb4 58. Kd6 c4+ 59. Kd5 cxb3 60. cxb3 Qc3 61. Qd7 d3 62.
Qe8+ Kh7 63. Qxf7 Qxb3+ 64. Ke4 Qxf7 65. Kxd3 Qxf4 {White resigns} 0-1